 Dungeon Crawl Stone Soup version 0.18-a0-888-gdb73dea (webtiles) character file.

53 Duffy the Digger (level 4, 30/30 HPs)
             Began as a Formicid Earth Elementalist on Dec 23, 2015.
             Quit the game on level 2 of the Dungeon.
             The game lasted 00:04:07 (2263 turns).

Duffy the Digger (Formicid Earth Elementalist)      Turns: 2263, Time: 00:04:07

Health: 30/30      AC:  2    Str: 13    XL:     4   Next: 11%
Magic:  8/8        EV: 12    Int: 15    God:
Gold:   85         SH:  0    Dex: 11    Spells: 3 memorised, 2 levels left

rFire  . . .     SeeInvis +     (no weapon)
rCold  . . .     Gourm    .     a - +0 robe
rNeg   . . .     Faith    .     (no shield)
rPois  .         Spirit   .     (helmet unavailable)
rElec  .         Dismiss  .     (no cloak)
rCorr  .         Reflect  .     (no gloves)
SustAt .         Harm     .     (no boots)
MR     .....                    (no amulet)
Stlth  ++........               (no ring)
                                (no ring)

@: not resistant to hostile enchantments, unstealthy
A: permanent stasis, dig shafts and tunnels, four strong arms, antennae 3
a: Dig, Shaft Self


You were on level 2 of the Dungeon.
You were not hungry.

You visited 1 branch of the dungeon, and saw 2 of its levels.

You collected 85 gold pieces.


Innate Abilities, Weirdness & Mutations

You are under a permanent stasis effect.
You can dig through walls and to a lower floor.
Your four strong arms can wield two-handed weapons with a shield.
You have a pair of large antennae on your head (SInv).


   Skills:
 - Level 1.7 Dodging
 - Level 2.4 Stealth
 + Level 3.0 Spellcasting
 - Level 1.1 Transmutations
 * Level 5.0 Earth Magic


You had 2 spell levels left.
You knew the following spells:

 Your Spells              Type           Power        Failure   Level  Hunger
a - Sandblast             Erth           ###...       2%          1    #......
c - Stone Arrow           Conj/Erth      #.....       24%         3    ###....
P - Passwall              Trmt/Erth      ##........   21%         3    ###....

Inventory:

Missiles
 b - 105 stones (quivered)
 e - 17 sling bullets
Armour
 a - a +0 robe (worn)
Scrolls
 f - 2 scrolls of identify {unknown}
 i - a scroll of noise {unknown}
 m - a scroll of fog {unknown}
Potions
 h - 3 potions of haste {unknown}
 j - a potion of ambrosia {unknown}
 l - a potion of curing {unknown}
Books
 c - a book of Geomancy
Comestibles
 d - 2 bread rations
 g - 2 meat rations
 k - a royal jelly

Dungeon Overview and Level Annotations

Branches:
Dungeon (2/15)

Altars:


Message History

You hit the giant cockroach.
You kill the giant cockroach!
Your Earth Magic skill increases to level 5!
All of the chunks of flesh in your inventory have rotted away.
You see here a giant cockroach corpse.
Found a stone staircase leading down.
You see here a giant cockroach corpse.
You butcher the giant cockroach corpse.
m - a chunk of flesh Eating a chunk of flesh.
This raw flesh tastes terrible.
You continue eating. x2
b - 105 stones (gained 21)
m - a scroll labeled FYCUEWINLI You sense a monster nearby.
You sense a monster nearby.
Found a stone staircase leading up.
A quokka comes into view.
A quokka is nearby!
A quokka is nearby!
A quokka is nearby!
A quokka is nearby!
A quokka is nearby!
A quokka is nearby!
A quokka is nearby!
A quokka is nearby!
A quokka is nearby!
A quokka is nearby!
A quokka is nearby!
A quokka is nearby!
A quokka is nearby!
A quokka is nearby!
A quokka is nearby!
A quokka is nearby!
A quokka is nearby!
Are you sure you want to abandon this character and quit the game? (Confirm with "yes".)

# #.........
#.#.#......# ..#
#.#.#..##.># { ..#
#......#...
..#####.#.##.#.####
..##..............######
..##)##.#..###..#......#
........#.## #.#.....<#
........#.# #.@.?....#
........#.## ##.#..r...#
..##.####..###..#......#
#.##..............######
##.#########.###### ##
#.# #.# { #.# #.#


You could see a quokka (sleeping).

Action                   |  1- 3 |  4- 6 || total
-------------------------+-------+-------++-------
Melee: Unarmed           |       |     5 ||     5
 Cast: Sandblast         |    73 |    16 ||    89
 Abil: Dig               |     1 |       ||     1
  Eat: Chunk             |     4 |     1 ||     5

Notes
Turn   | Place    | Note
--------------------------------------------------------------
     0 | D:1      | Duffy the Formicid Earth Elementalist began the quest for the Orb.
     0 | D:1      | Reached XP level 1. HP: 13/13 MP: 3/3
   217 | D:1      | Reached XP level 2. HP: 19/19 MP: 1/5
   218 | D:1      | Reached skill level 4 in Earth Magic
  1016 | D:1      | Reached XP level 3. HP: 24/24 MP: 4/7
  1921 | D:1      | Learned a level 3 spell: Stone Arrow
  1925 | D:1      | Learned a level 3 spell: Passwall
  1959 | D:2      | Reached skill level 3 in Spellcasting
  2008 | D:2      | Reached XP level 4. HP: 30/30 MP: 5/8
  2183 | D:2      | Reached skill level 5 in Earth Magic
  2263 | D:2      | Quit the game

Vault maps used:
D:1:      dpeg_arrival_morbid_curiosity, serial_forest, infiniplex_forest_end_2,
          infiniplex_forest_lined_room_2, infiniplex_forest_lined_ring,
          infiniplex_forest_clump_curved, infiniplex_forest_clump_long,
          infiniplex_forest_end_2, infiniplex_forest_lined_1,
          infiniplex_forest_clump_curved, infiniplex_forest_end_2
D:2:      minmay_vboxes, uniq_crazy_yiuf_cottage

Vanquished Creatures
  3 worms
  2 bats
  6 goblins
  6 hobgoblins
  7 jackals
  6 kobolds
  A quokka
  3 giant cockroaches
  A giant newt
  6 rats
41 creatures vanquished.
